 Dungeon Crawl Stone Soup version 0.26-a0-597-gb535b0901c (webtiles) character file.

Game seed: 13249283784736138131

926 sanderoThegreat the Covered (level 7, -8/91 HPs)
             Began as a Minotaur Fighter on Aug 28, 2020.
             Was an Initiate of Qazlal.
             Mangled by an orc warrior
             ... wielding a +0 trident
              (9 damage)
             ... on level 7 of the Dungeon.
             The game lasted 00:26:44 (6830 turns).

sanderoThegreat the Covered (Minotaur Fighter)      Turns: 6830, Time: 00:26:45

Health: -8/91      AC: 23    Str: 22    XL:     7   Next: 85%
Magic:  6/6        EV:  2    Int:  5    God:    Qazlal [......]
Gold:   88         SH: 10    Dex: 10    Spells: 6/6 levels left

rFire    . . .     SeeInvis .   a - +0 war axe
rCold    . . .     Faith    .   c - +0 kite shield
rNeg     + + +     Spirit   .   (armour currently unavailable)
rPois    +         Reflect  .   (helmet currently unavailable)
rElec    .         Harm     .   (cloak currently unavailable)
rCorr    .         NoTele   +   (gloves currently unavailable)
MR       .....                  (boots currently unavailable)
Stlth    +.........             (no amulet)
HPRegen  0.25/turn              (no ring)
MPRegen  0.10/turn              (no ring)

@: tree-form
A: (retaliatory headbutt)
a: Renounce Religion


You were on level 7 of the Dungeon.
You worshipped Qazlal.
Qazlal was noncommittal.
You were a tree.
You visited 2 branches of the dungeon, and saw 8 of its levels.

You collected 88 gold pieces.

Inventory:

Hand Weapons
 a - a +0 war axe (weapon)
 d - a +1 dagger of protection
 e - a +0 whip
 g - a +0 dagger
 h - a +0 hunting sling
 k - a +0 short sword
 n - a +0 dagger
 s - a +0 shortbow
 v - a +0 flail
 w - a +0 hand axe
 y - a +0 rapier
 z - a +0 short sword
 A - a +0 spear
 B - a +4 mace
Missiles
 f - 71 stones (quivered)
 o - 15 bolts
 r - 11 arrows
 u - 17 sling bullets
Armour
 b - a +0 scale mail
 c - a +0 kite shield (worn)
 j - a +0 leather armour
 t - a +2 robe of magic resistance (melded)
 C - a +0 chain mail
Scrolls
 i - 4 scrolls of remove curse {unknown}
 l - 3 scrolls of identify {unknown}
 p - a scroll of blinking {unknown}
Potions
 m - 2 potions of brilliance {unknown}
 q - a potion of heal wounds {unknown}


   Skills:
 + Level 5.4 Fighting
 + Level 6.0 Axes
 + Level 0.3(0.8) Slings
 + Level 1.4 Bows
 + Level 1.0 Throwing
 + Level 6.9 Armour
 + Level 2.1 Dodging
 + Level 1.0 Stealth
 + Level 5.2 Shields


You had 6 spell levels left.
You didn't know any spells.
Your spell library was empty.

Dungeon Overview and Level Annotations

Branches:
Dungeon (7/15)             Temple (1/1) D:6

Altars:
Ashenzari
Dithmenos
Fedhas
Kikubaaqudgha
Makhleb
Qazlal
Sif Muna
Uskayaw
Vehumet
Yredelemnul
The Shining One


Innate Abilities, Weirdness & Mutations

((You reflexively headbutt those who attack you in melee.))
((You have a pair of horns on your head.))


Message History

You feel less resistant to hostile enchantments.
Your roots penetrate the ground.
The orc warrior hits you from afar with a +0 trident.
* * * LOW HITPOINT WARNING * * *
You cannot move.
You hit the orc priest.
The orc priest is severely wounded.
The orc warrior hits you from afar with a +0 trident.
* * * LOW HITPOINT WARNING * * *
The orc priest hits you but does no damage.
You barely miss the orc priest.
The orc priest is severely wounded.
The orc warrior barely misses you.
The orc priest mumbles some strange prayers to Beogh against you.
Beogh smites you!
* * * LOW HITPOINT WARNING * * *
You barely miss the orc priest.
The orc priest is severely wounded.
The orc warrior hits you from afar with a +0 trident!
You die...

...... ##.....
#..... #.... ##...#
##.o..# .. ##..).#
... ##...♣o#
...###......####
....#.......#.......
...................#
#..................#
#...........#.....#
#..........##.....#
...........##.....#
##................#
...#


You could see an orc warrior and an orc priest.

Vanquished Creatures
  Duvessa (D:5)
  An orc warrior (D:6)
  An ice beast (D:5)
  A centaur (D:5)
  A bullfrog (D:6)
  Dowan (D:5)
  A hound (D:5)
  4 orc priests
  A bullfrog skeleton (D:6)
  An iguana (D:5)
  2 orc wizards
  3 worker ants
  4 gnolls
  3 adders
  An ooze (D:6)
  An adder skeleton (D:6)
  2 leopard geckos
  6 orcs
  A bat (D:1)
  2 giant cockroaches (D:3)
  3 goblins
  7 jackals
  2 quokkas
  2 kobolds
  A leopard gecko zombie (D:5)
  A quokka zombie (D:5)
  5 rats
59 creatures vanquished.

Notes
Turn   | Place    | Note
-------+----------+-------------------------------------------
     0 | D:1      | sanderoThegreat the Minotaur Fighter began the quest for
                  | the Orb.
     0 | D:1      | Reached XP level 1. HP: 19/19 MP: 0/0
   315 | D:1      | Reached XP level 2. HP: 4/27 MP: 1/1
  1275 | D:2      | Reached XP level 3. HP: 23/33 MP: 2/2
  2443 | D:3      | Reached XP level 4. HP: 40/40 MP: 3/3
  2550 | D:5      | Entered Level 5 of the Dungeon
  2607 | D:5      | Noticed a centaur
  2623 | D:5      | Killed a centaur
  2623 | D:5      | Reached skill level 5 in Armour
  2623 | D:5      | Reached XP level 5. HP: 31/46 MP: 4/4
  3173 | D:5      | Noticed an ice beast
  3183 | D:5      | Killed an ice beast
  3183 | D:5      | Reached XP level 6. HP: 47/53 MP: 5/5
  3198 | D:5      | Reached skill level 5 in Shields
  3787 | D:5      | Noticed Dowan
  3788 | D:5      | Noticed Duvessa
  3805 | D:5      | Killed Duvessa
  3805 | D:5      | Reached skill level 1 in Dodging
  3812 | D:5      | Killed Dowan
  4250 | D:5      | Reached skill level 5 in Fighting
  4257 | D:5      | Reached XP level 7. HP: 44/61 MP: 6/6
  4263 | D:5      | Reached skill level 1 in Bows
  4850 | D:6      | Found a staircase to the Ecumenical Temple.
  4882 | Temple   | Entered the Ecumenical Temple
  4940 | Temple   | Became a worshipper of Qazlal Stormbringer
  4974 | D:6      | Reached skill level 5 in Axes
  6202 | D:6      | Found a burning altar of Makhleb.
  6202 | D:6      | Noticed a green death
  6207 | D:6      | Noticed a ynoxinul
  6207 | D:6      | Noticed a hellwing
  6377 | D:7      | Reached skill level 1 in Throwing
  6383 | D:7      | Reached skill level 1 in Stealth
  6829 | D:7      | HP: 1/91 [orc priest/divine providence (9)]
  6830 | D:7      | Mangled by an orc warrior

Illustrated notes

Levels and vault maps discovered:
D:1:      psy_arrival_whirlpool, layout_basic
D:2:      layout_basic, chequers_ecumenical_altar_simple_redux, uniq_jessica
D:3:      layout_basic, minmay_bisected, uniq_ijyb
D:4:      layout_loops_cross, kennysheep_little_box
D:5:      layout_loops_ring, uniq_duvessa
D:6:      layout_gridville, makhleb_altar_promises_db,
          minmay_temple_entry_large_hall, corexii_item_surrounded_by_moat,
          minmay_misc_feat_roman
D:7:      layout_layer_cave, grunt_gozag_statues, serial_shops,
          nicolae_shop_crystal, uniq_crazy_yiuf_cottage
Temple:   eino_narrow_crystal_temple

Skill      XL: |  1  2  3  4  5  6  7 |
---------------+----------------------+-----
Armour         | 4 5 6 |  6.9
Shields        | 4 5 |  5.2
Fighting       | 4 5 |  5.4
Axes           | 3 4 6 |  6.0
Dodging        | 1 2 |  2.1
Bows           | 1 |  1.4
Throwing       | 1 |  1.0
Stealth        | 1 |  1.0
Slings         | |  0.3

Action                   |  1- 3 |  4- 6 |  7- 9 || total
-------------------------+-------+-------+-------++-------
Melee: War axe           |    63 |    50 |    63 ||   176
       Headbutt          |     8 |     7 |    12 ||    27
 Fire: Shortbow          |       |     6 |       ||     6
       Hunting sling     |       |     3 |       ||     3
Throw: Stone             |     5 |     2 |     8 ||    15
  Use: Potion            |       |     1 |     2 ||     3
Armor: Scale mail        |    34 |    19 |     7 ||    60
       Robe              |       |       |     3 ||     3
       Skin              |       |       |     1 ||     1
Dodge: Dodged            |    28 |    19 |    28 ||    75
Block: Kite shield       |    42 |    27 |    24 ||    93

Table legend: (Time is in decaauts)
 A = Elapsed time spent in this place.
 B = Non-inter-level travel time spent in this place.
 C = Inter-level travel time spent in this place.
 D = Time resting spent in this place.
 E = Time spent auto-exploring this place.
 F = Levels seen in this place.
 G = Mean time per level.
                   A        B        C        D        E       F      G
               +--------+--------+--------+--------+--------+-----+--------+
         Total |   6894 |   6894 |      0 |   5280 |      0 |   8 |  861.8 |
       Dungeon |   6288 |   6288 |      0 |   4779 |      0 |   7 |  898.3 |
        Temple |    606 |    606 |      0 |    501 |      0 |   1 |  606.0 |
               +--------+--------+--------+--------+--------+-----+--------+

Top non-repeatable levels by time:
     D:5: 2226 daAuts
     D:1: 1264 daAuts
     D:6: 916 daAuts
     D:3: 707 daAuts
  Temple: 606 daAuts
     D:2: 576 daAuts
     D:7: 563 daAuts
     D:4: 33 daAuts
